TOP OF THE 1ST |
Beaumont Roughnecks batting - Pitching for Salem Silver Souls : RHP Clark Noble
|
Pitching: RHP Clark Noble
|
|
Batting: LHB Tony Rivera
|
0-0: Swinging Strike 0-1: Fly out, F6 (Flyball, 56D)
|
Batting: RHB Darwin Crane
|
0-0: Called Strike 0-1: Ball 1-1: Ball 2-1: Swinging Strike 2-2: Ball 3-2: Strikes out swinging
|
Batting: LHB Cam Flowers
|
0-0: Called Strike 0-1: Fly out, F3 (Popup, 3L)
|
Top of the 1st over - 0 run(s), 0 hit(s), 0 error(s), 0 left on base; Beaumont 0 - Salem 0 |
BOTTOM OF THE 1ST |
Salem Silver Souls batting - Pitching for Beaumont Roughnecks : RHP Enrique Paredes
|
Pitching: RHP Enrique Paredes
|
|
Batting: SHB Tony Yan
|
0-0: Swinging Strike 0-1: Ball 1-1: Ball 2-1: Ball 3-1: Base on Balls
|
Batting: RHB Gabriel Miranda
|
0-0: Called Strike 0-1: Ball 1-1: Fly out, F8 (Flyball, 8RM)
|
Batting: LHB Nick Scott
|
0-0: Called Strike 0-1: Foul Ball, location: 2F 0-2: Strikes out looking
|
Batting: LHB Chance Santry
|
0-0: Ball Tony Yan is caught stealing 2nd base
|
Bottom of the 1st over - 0 run(s), 0 hit(s), 0 error(s), 0 left on base; Beaumont 0 - Salem 0 |
TOP OF THE 2ND |
Beaumont Roughnecks batting - Pitching for Salem Silver Souls : RHP Clark Noble
|
Batting: RHB Anthony Hezell
|
0-0: Ball 1-0: Swinging Strike 1-1: Ball 2-1: Ball 3-1: Foul Ball, location: 2F 3-2: Foul Ball, location: 2F 3-2: Base on Balls
|
Batting: LHB Bernardo Morales
|
0-0: Called Strike 0-1: Foul Ball, location: 2F 0-2: Strikes out swinging
|
Batting: LHB Enrique Cruz
|
0-0: Ball 1-0: Swinging Strike 1-1: Called Strike 1-2: Strikes out looking Anthony Hezell steals 2nd base Batter strikes out.
|
Batting: RHB Albert Alemán
|
0-0: Called Strike 0-1: Ball 1-1: Swinging Strike 1-2: DOUBLE (Line Drive, 89XD) Anthony Hezell scores
|
Batting: RHB Miguel Costa
|
0-0: Foul Ball, location: 2F 0-1: Ball 1-1: Ball 2-1: Foul Ball, location: 2F 2-2: Strikes out swinging
|
Top of the 2nd over - 1 run(s), 1 hit(s), 0 error(s), 1 left on base; Beaumont 1 - Salem 0 |
BOTTOM OF THE 2ND |
Salem Silver Souls batting - Pitching for Beaumont Roughnecks : RHP Enrique Paredes
|
Batting: LHB Chance Santry
|
0-0: Called Strike 0-1: Called Strike 0-2: Strikes out swinging
|
Batting: RHB Gustavo Pagán
|
0-0: Ball 1-0: Ball 2-0: Called Strike 2-1: Ball 3-1: Fly out, F8 (Line Drive, 8RD)
|
Batting: RHB Willie Houk
|
0-0: Ball 1-0: Ball 2-0: Called Strike 2-1: Called Strike 2-2: Fly out, F4 (Line Drive, 4M)
|
Bottom of the 2nd over - 0 run(s), 0 hit(s), 0 error(s), 0 left on base; Beaumont 1 - Salem 0 |
TOP OF THE 3RD |
Beaumont Roughnecks batting - Pitching for Salem Silver Souls : RHP Clark Noble
|
Batting: RHB Jeff Mason
|
0-0: Called Strike 0-1: Ball 1-1: Ball 2-1: SINGLE (Line Drive, 56D)
|
Batting: LHB Tony Rivera
|
0-0: Ball 1-0: Called Strike Jeff Mason steals 2nd base 1-1: Called Strike 1-2: Ball 2-2: Foul Ball, location: 2F 2-2: Fly out, F8 (Flyball, 8LM) Runner from 2nd tags up, SAFE at 3rd with throw
|
Batting: RHB Darwin Crane
|
0-0: Ball 1-0: Called Strike 1-1: SINGLE (Line Drive, 56) Jeff Mason scores
|
Batting: LHB Cam Flowers
|
0-0: Swinging Strike 0-1: Foul Ball, location: 2F 0-2: Strikes out swinging
|
Batting: RHB Anthony Hezell
|
0-0: Swinging Strike 0-1: Fly out, F9 (Flyball, 9S)
|
Top of the 3rd over - 1 run(s), 2 hit(s), 0 error(s), 1 left on base; Beaumont 2 - Salem 0 |
BOTTOM OF THE 3RD |
Salem Silver Souls batting - Pitching for Beaumont Roughnecks : RHP Enrique Paredes
|
Batting: LHB Joel Nelson
|
0-0: Ball 1-0: Ball 2-0: Called Strike 2-1: Foul Ball, location: 2F 2-2: Ball 3-2: Base on Balls
|
Batting: RHB Tom Hughes
|
0-0: Ball Joel Nelson is caught stealing 2nd base 1-0: Ball 2-0: Called Strike 2-1: Foul Ball, location: 2F 2-2: Ground out 5-3 (Groundball, 56)
|
Batting: RHB Jaime Rodríguez
|
0-0: Called Strike 0-1: Called Strike 0-2: Fly out, F9 (Flyball, 9)
|
Bottom of the 3rd over - 0 run(s), 0 hit(s), 0 error(s), 0 left on base; Beaumont 2 - Salem 0 |
TOP OF THE 4TH |
Beaumont Roughnecks batting - Pitching for Salem Silver Souls : RHP Clark Noble
|
Batting: LHB Bernardo Morales
|
0-0: Ball 1-0: Ground out 3-1 (Groundball, 34)
|
Batting: LHB Enrique Cruz
|
0-0: Called Strike 0-1: Ball 1-1: SINGLE (Flyball, 7S)
|
Batting: RHB Albert Alemán
|
0-0: Ball 1-0: SINGLE (Flyball, 7S) Enrique Cruz to second
|
Batting: RHB Miguel Costa
|
0-0: Ball 1-0: Ball 2-0: Ball 3-0: Called Strike 3-1: Fly out, F4 (Popup, 4D)
|
Pitching: RHP Pat Wyatt
|
|
Batting: RHB Jeff Mason
|
0-0: Ball 1-0: Ball 2-0: Ball 3-0: Called Strike 3-1: Foul Ball, location: 2F 3-2: Foul Ball, location: 2F 3-2: Base on Balls Enrique Cruz to third Albert Alemán to second
|
Batting: LHB Tony Rivera
|
0-0: Ball 1-0: Called Strike 1-1: Swinging Strike 1-2: Ball 2-2: Strikes out swinging
|
Top of the 4th over - 0 run(s), 2 hit(s), 0 error(s), 3 left on base; Beaumont 2 - Salem 0 |
BOTTOM OF THE 4TH |
Salem Silver Souls batting - Pitching for Beaumont Roughnecks : RHP Enrique Paredes
|
Batting: SHB Tony Yan
|
0-0: Ball 1-0: Called Strike 1-1: Fly out, F9 (Flyball, 9LS)
|
Batting: RHB Gabriel Miranda
|
0-0: Ball 1-0: Called Strike 1-1: Ball 2-1: Ball 3-1: Foul Ball, location: 2F 3-2: Foul Ball, location: 2F 3-2: Ground out 6-3 (Groundball, 6)
|
Batting: LHB Nick Scott
|
0-0: Foul Ball, location: 2F 0-1: Ball 1-1: Swinging Strike 1-2: Ball 2-2: Foul Ball, location: 2F 2-2: Fly out, F5 (Popup, 56)
|
Bottom of the 4th over - 0 run(s), 0 hit(s), 0 error(s), 0 left on base; Beaumont 2 - Salem 0 |
TOP OF THE 5TH |
Beaumont Roughnecks batting - Pitching for Salem Silver Souls : RHP Pat Wyatt
|
Batting: RHB Darwin Crane
|
0-0: Ball 1-0: Ball 2-0: Ground out U3 (Groundball, 3L)
|
Batting: LHB Cam Flowers
|
0-0: Ball 1-0: Ball 2-0: Called Strike 2-1: Ball 3-1: Called Strike 3-2: Foul Ball, location: 2F 3-2: Base on Balls
|
Batting: RHB Anthony Hezell
|
0-0: Ball 1-0: Foul Ball, location: 2F 1-1: Swinging Strike 1-2: Foul Ball, location: 2F 1-2: Strikes out swinging
|
Batting: LHB Bernardo Morales
|
0-0: Called Strike 0-1: Ball 1-1: Called Strike 1-2: Strikes out looking
|
Top of the 5th over - 0 run(s), 0 hit(s), 0 error(s), 1 left on base; Beaumont 2 - Salem 0 |
BOTTOM OF THE 5TH |
Salem Silver Souls batting - Pitching for Beaumont Roughnecks : RHP Enrique Paredes
|
Batting: LHB Chance Santry
|
0-0: Ball 1-0: Ball 2-0: Called Strike 2-1: Ball 3-1: Ground out 6-3 (Groundball, 6)
|
Batting: RHB Gustavo Pagán
|
0-0: Ball 1-0: Called Strike 1-1: SINGLE (Line Drive, 9LS)
|
Batting: RHB Willie Houk
|
Pickoff Throw to First - Out! 0-0: Ground out 5-3 (Groundball, 56)
|
Bottom of the 5th over - 0 run(s), 1 hit(s), 0 error(s), 0 left on base; Beaumont 2 - Salem 0 |
TOP OF THE 6TH |
Beaumont Roughnecks batting - Pitching for Salem Silver Souls : RHP Pat Wyatt
|
Batting: LHB Enrique Cruz
|
0-0: Foul Ball, location: 2F 0-1: Ball 1-1: Called Strike 1-2: Strikes out swinging, 2-3 out at first.
|
Batting: RHB Albert Alemán
|
0-0: Called Strike 0-1: Ball 1-1: Foul Ball, location: 2F 1-2: Foul Ball, location: 2F 1-2: Ball 2-2: Ball 3-2: SINGLE (Line Drive, 34D)
|
Batting: RHB Miguel Costa
|
0-0: Grounds into double play, 5-4-3 (Groundball, 56)
|
Top of the 6th over - 0 run(s), 1 hit(s), 0 error(s), 0 left on base; Beaumont 2 - Salem 0 |
BOTTOM OF THE 6TH |
Salem Silver Souls batting - Pitching for Beaumont Roughnecks : RHP Enrique Paredes
|
Batting: LHB Joel Nelson
|
0-0: Called Strike 0-1: Foul Ball, location: 2F 0-2: Ball 1-2: Ball 2-2: Ball 3-2: SINGLE (Flyball, 7)
|
Batting: RHB Tom Hughes
|
0-0: Foul Ball, location: 2F 0-1: Ball 1-1: Called Strike 1-2: Strikes out swinging
|
Batting: RHB Jaime Rodríguez
|
0-0: Ball 1-0: Ball 2-0: Ball 3-0: Base on Balls Joel Nelson to second
|
Batting: SHB Tony Yan
|
0-0: Called Strike 0-1: Ball 1-1: Ground out U3 (Groundball, 34S) Joel Nelson to third Jaime Rodríguez to second
|
Batting: RHB Gabriel Miranda
|
0-0: Ball 1-0: SINGLE (Flyball, 9S) Joel Nelson scores Jaime Rodríguez to third Runner from 3rd tries for Home, SAFE, no throw
|
Batting: LHB Nick Scott
|
0-0: Called Strike 0-1: Ball 1-1: Foul Ball, location: 2F 1-2: Foul Ball, location: 2F 1-2: Ball 2-2: Foul Ball, location: 2F 2-2: Ball 3-2: Ground out 4-3 (Groundball, 4)
|
Bottom of the 6th over - 2 run(s), 2 hit(s), 0 error(s), 1 left on base; Beaumont 2 - Salem 2 |
TOP OF THE 7TH |
Beaumont Roughnecks batting - Pitching for Salem Silver Souls : RHP Pat Wyatt
|
Batting: RHB Jeff Mason
|
0-0: SINGLE (Flyball, 8RS)
|
Batting: LHB Tony Rivera
|
0-0: Ball 1-0: Ball 2-0: Foul Ball, location: 2F 2-1: Foul Ball, location: 2F 2-2: Foul Ball, location: 2F 2-2: Ball 3-2: Base on Balls Jeff Mason to second
|
Batting: RHB Darwin Crane
|
0-0: Ball 1-0: SINGLE (Groundball, 6MD) Jeff Mason to third Tony Rivera to second Runner from 3rd tries for Home, throw and OUT! Tony Rivera to third Darwin Crane to second
|
Batting: LHB Cam Flowers
|
0-0: Swinging Strike 0-1: Foul Ball, location: 2F 0-2: Ball Wild Pitch! Tony Rivera scores Darwin Crane to third 1-2: Foul Ball, location: 2F 1-2: Strikes out looking
|
Batting: RHB Anthony Hezell
|
0-0: Called Strike 0-1: 2-RUN HOME RUN (Flyball, 7D), Distance : 390 ft
|
Batting: LHB Bernardo Morales
|
0-0: Ball 1-0: Fly out, F8 (Flyball, 8RM)
|
Top of the 7th over - 3 run(s), 3 hit(s), 0 error(s), 0 left on base; Beaumont 5 - Salem 2 |
BOTTOM OF THE 7TH |
Salem Silver Souls batting - Pitching for Beaumont Roughnecks : RHP Enrique Paredes
|
Pitching: RHP Gustavo Rodríguez
|
|
Batting: LHB Chance Santry
|
0-0: Ball 1-0: DOUBLE (Groundball, 3L)
|
Batting: RHB Gustavo Pagán
|
0-0: Ball 1-0: Ball 2-0: Called Strike 2-1: Foul Ball, location: 2F 2-2: Foul Ball, location: 2F 2-2: Foul Ball, location: 2F 2-2: Foul Ball, location: 2F 2-2: Ball 3-2: Strikes out looking
|
Batting: RHB Willie Houk
|
0-0: Called Strike 0-1: Foul Ball, location: 2F 0-2: Ball 1-2: Foul Ball, location: 2F 1-2: Strikes out swinging
|
Batting: LHB Joel Nelson
|
0-0: Ball 1-0: Foul Ball, location: 2F 1-1: Called Strike 1-2: Foul Ball, location: 2F 1-2: Ball 2-2: Strikes out looking
|
Bottom of the 7th over - 0 run(s), 1 hit(s), 0 error(s), 1 left on base; Beaumont 5 - Salem 2 |
TOP OF THE 8TH |
Beaumont Roughnecks batting - Pitching for Salem Silver Souls : RHP Pat Wyatt
|
Pitching: RHP Ramón Marerro
|
|
Batting: LHB Enrique Cruz
|
0-0: Ball 1-0: Called Strike 1-1: Ball 2-1: Foul Ball, location: 2F 2-2: Ball 3-2: Foul Ball, location: 2F 3-2: Base on Balls
|
Batting: RHB Albert Alemán
|
0-0: Ball 1-0: Ball 2-0: Ball 3-0: Base on Balls Enrique Cruz to second
|
Batting: RHB Miguel Costa
|
0-0: Called Strike 0-1: Swinging Strike 0-2: Strikes out swinging
|
Batting: RHB Jeff Mason
|
0-0: Ball 1-0: Foul Ball, location: 2F 1-1: Called Strike 1-2: Ball 2-2: Ball 3-2: Base on Balls Enrique Cruz to third Albert Alemán to second
|
Batting: LHB Tony Rivera
|
0-0: Ball 1-0: Called Strike 1-1: Swinging Strike 1-2: Ball 2-2: Grounds into fielders choice 5-2 (Groundball, 56S) Albert Alemán to third Jeff Mason to second
|
Batting: RHB Darwin Crane
|
0-0: Ball 1-0: Ground out 3-1 (Groundball, 34)
|
Top of the 8th over - 0 run(s), 0 hit(s), 0 error(s), 3 left on base; Beaumont 5 - Salem 2 |
BOTTOM OF THE 8TH |
Salem Silver Souls batting - Pitching for Beaumont Roughnecks : RHP Gustavo Rodríguez
|
Batting: RHB Tom Hughes
|
0-0: Called Strike 0-1: Swinging Strike 0-2: Ball 1-2: Foul Ball, location: 2F 1-2: Strikes out swinging
|
Batting: RHB Jaime Rodríguez
|
0-0: Ball 1-0: Foul Ball, location: 2F 1-1: Foul Ball, location: 2F 1-2: Ball 2-2: Strikes out looking
|
Batting: SHB Tony Yan
|
0-0: Called Strike 0-1: Ball 1-1: Ground out 4-3 (Groundball, 34D)
|
Bottom of the 8th over - 0 run(s), 0 hit(s), 0 error(s), 0 left on base; Beaumont 5 - Salem 2 |
TOP OF THE 9TH |
Beaumont Roughnecks batting - Pitching for Salem Silver Souls : RHP Ramón Marerro
|
Batting: LHB Cam Flowers
|
0-0: Ball 1-0: Called Strike 1-1: Called Strike 1-2: Fly out, F8 (Flyball, 8RM)
|
Batting: RHB Anthony Hezell
|
0-0: SINGLE (Groundball, 4) (infield hit)
|
Batting: LHB Bernardo Morales
|
0-0: Ball 1-0: Ball Anthony Hezell steals 2nd base 2-0: Intentional Walk
|
Batting: LHB Enrique Cruz
|
0-0: DOUBLE (Flyball, 78D) Anthony Hezell scores Bernardo Morales to third
|
Batting: RHB Albert Alemán
|
0-0: Intentional Walk
|
Batting: RHB Miguel Costa
|
0-0: Ball 1-0: Foul Ball, location: 2F 1-1: Grounds into double play, 5-4-3 (Groundball, 56)
|
Top of the 9th over - 1 run(s), 2 hit(s), 0 error(s), 2 left on base; Beaumont 6 - Salem 2 |
BOTTOM OF THE 9TH |
Salem Silver Souls batting - Pitching for Beaumont Roughnecks : RHP Gustavo Rodríguez
|
Batting: RHB Gabriel Miranda
|
0-0: Foul Ball, location: 2F 0-1: Ground out 1-3 (Groundball, 15)
|
Batting: LHB Nick Scott
|
0-0: Ball 1-0: Swinging Strike 1-1: Ball 2-1: Foul Ball, location: 2F 2-2: Foul Ball, location: 2F 2-2: Strikes out swinging
|
Batting: LHB Chance Santry
|
0-0: Called Strike 0-1: Ball 1-1: Ground out 1-3 (Groundball, 13S)
|
Bottom of the 9th over - 0 run(s), 0 hit(s), 0 error(s), 0 left on base; Beaumont 6 - Salem 2 |
|